 Seeded DCSS version 0.27.1 (webtiles) character file.

Game seed: 7 (custom seed)

65 a11behringer the Chopper (level 3, -4/33 HPs)
             Began as a Minotaur Berserker on Aug 26, 2021.
             Was a Believer of Trog.
             Slain by a hornet zombie (5 damage)
             ... on level 3 of the Dungeon.
             The game lasted 00:08:35 (1759 turns).

a11behringer the Chopper (Minotaur Berserker)       Turns: 1759, Time: 00:08:36

Health: -4/33      AC: 10    Str: 20 (21) XL:     3   Next: 92%
Magic:  2/2        EV:  8    Int:  3 (4)  God:    Trog [**....]
Gold:   122        SH:  0    Dex:  9 (10) Spells: 2/2 levels left

rFire    . . .     SeeInvis +   a - +0 hand axe
rCold    . . .     Faith    .   (no shield)
rNeg     . . .     Spirit   .   k - +0 chain mail
rPois    .         Reflect  .   g - +2 hat {SInv}
rElec    .         Harm     .   (no cloak)
rCorr    .         Rampage  .   (no gloves)
Will     .....                  (no boots)
Stlth    ..........             (no amulet)
HPRegen  0.11/turn              (no ring)
MPRegen  0.08/turn              (no ring)

@: no status effects
A: horns 2, retaliatory headbutt
a: Renounce Religion, Berserk, Trog's Hand


You were on level 3 of the Dungeon.
You worshipped Trog.
Trog was pleased with you.
You visited 1 branch of the dungeon, and saw 3 of its levels.

You collected 198 gold pieces.
You spent 76 gold pieces at shops.

Inventory:

Hand Weapons
 a - a +0 hand axe (weapon)
Armour
 b - a +0 animal skin
 g - a +2 hat of see invisible (worn)
 k - a +0 chain mail (worn)
Jewellery
 e - a ring of fire
 l - a ring of resist corrosion
Scrolls
 c - 2 scrolls of enchant armour {unknown}
 h - 3 scrolls of identify {unknown}
 i - 2 scrolls of amnesia {unknown}
 j - a scroll of teleportation {unknown}
 m - a scroll of noise {unknown}
Potions
 f - a potion of mutation {unknown}


   Skills:
 + Level 4.0 Fighting
 * Level 5.3 Axes
 + Level 2.6 Armour
 + Level 2.4 Dodging


You had 2 spell levels left.
You didn't know any spells.
Your spell library was empty.

Dungeon Overview and Level Annotations

Branches:
Dungeon (3/15)

Altars:

Shops:
D:2 *


Innate Abilities, Weirdness & Mutations

You have a pair of horns on your head.
You reflexively headbutt those who attack you in melee.


Message History

Trog accepts your kill.
Found 8 gold pieces.
You see here a +0 dagger.
Found an escape hatch in the floor.
You now have 122 gold pieces (gained 8).
A hornet zombie comes into view.
You hit the hornet zombie but do no damage.
The hornet zombie closely misses you.
You hit the hornet zombie.
The hornet zombie is lightly damaged.
The hornet zombie hits you but does no damage.
You barely miss the hornet zombie.
The hornet zombie is lightly damaged.
The hornet zombie hits you. The hornet zombie barely misses you.
You slash the hornet zombie! Your headbutt misses the hornet zombie.
The hornet zombie is moderately damaged.
The hornet zombie hits you.
You completely miss the hornet zombie.
The hornet zombie is moderately damaged.
The hornet zombie hits you but does no damage.
The hornet zombie hits you.
You barely miss the hornet zombie.
You headbutt the hornet zombie, but do no damage.
The hornet zombie is moderately damaged.
The hornet zombie hits you!
* * * LOW HITPOINT WARNING * * *
You hit the hornet zombie. You headbutt the hornet zombie.
The hornet zombie is moderately damaged.
The hornet zombie hits you.
* * * LOW HITPOINT WARNING * * *
You hit the hornet zombie. You headbutt the hornet zombie.
The hornet zombie is heavily damaged.
The hornet zombie hits you but does no damage.
The hornet zombie barely misses you. You furiously retaliate!
You headbutt the hornet zombie.
It was a potion of degeneration.
There was something very wrong with that liquid.
You feel weakened.
You feel dopey.
You feel clumsy. The hornet zombie hits you.
You die...

#......# #......#
##########.....##
#...............#
##.###>....#....#
# #.#
#..........# #
#.#
#..........###
#.#
#..........#..
#@#
#####......#..
#Z# #......#..
#.# ###>......
#.# #.......) #.#
######.....###
#.#
#..........###
#.#
#............#
#..
#............#
#...............


You could see a hornet zombie.

Vanquished Creatures
  An adder (D:2)
  2 worms (D:2)
  2 dart slugs (D:1)
  2 bats
  3 endoplasms
  A giant cockroach (D:2)
  2 goblins
  2 hobgoblins
  6 jackals
  A quokka (D:3)
  2 ball pythons
  3 frilled lizards
  8 kobolds
  10 rats
45 creatures vanquished.

Notes
Turn   | Place    | Note
-------+----------+-------------------------------------------
     0 | D:1      | a11behringer the Minotaur Berserker began the quest for the
                  | Orb.
     0 | D:1      | Reached XP level 1. HP: 19/19 MP: 0/0
   209 | D:1      | Reached skill level 4 in Axes
   233 | D:1      | Reached XP level 2. HP: 25/27 MP: 1/1
   810 | D:2      | Found Ogruuwn's Assorted Antiques.
   821 | D:2      | Bought a chain mail for 76 gold pieces
   853 | D:2      | Reached XP level 3. HP: 26/33 MP: 2/2
   905 | D:2      | Reached skill level 5 in Axes
  1079 | D:2      | Reached ** piety under Trog
  1757 | D:3      | HP: 1/33 [hornet zombie (6)]
  1759 | D:3      | Slain by a hornet zombie

Illustrated notes

Levels and vault maps discovered:
D:1:      lightli_molten_gateway, layout_loops_ring
D:2:      layout_basic, serial_shops, nicolae_shop_crystal,
          hangedman_decor_growths, st_stairs_10, minmay_rat_gold_closets
D:3:      kennysheep_the_goblin_king, layout_basic,
          shapermc_ecumenical_altar_mp_urbaneastern, uniq_ijyb, uniq_robin

Skill      XL: |  1  2  3 |
---------------+----------+-----
Axes           | 4 5 |  5.3
Fighting       | 4 |  4.0
Armour         | |  2.6
Dodging        | |  2.4

Action                   || total
-------------------------++-------
Melee: Hand axe          ||   114
       Headbutt          ||    24
  Use: Potion            ||     1
 Stab: Sleeping          ||     1
Armor: Animal skin       ||     7
       Chain mail        ||    28
Dodge: Dodged            ||    47
